 Dungeon Crawl Stone Soup version 0.30-a0-4-ga7cffc901d (webtiles) character file.

Game seed: 2132400676507939522

3644 spaghetti the Magician (level 10, 12/111 HPs)
             Began as a Gnoll Fire Elementalist on Aug 21, 2022.
             Was a Believer of Ru.
             Quit the game on level 8 of the Dungeon.
             The game lasted 00:12:59 (9384 turns).

spaghetti the Magician (Gnoll Fire Elementalist)    Turns: 9384, Time: 00:13:00

Health: 12/111     AC: 25    Str:  7    XL:     10   Next: 12%
Magic:  1/20       EV:  2    Int: 20    God:    Ru [**....]
Gold:   457        SH:  5    Dex: 12    Spells: 13/23 levels left

rFire   + . .      SeeInvis .    q - staff of fire {!astaff}
rCold   . . .      Faith    .    (no shield)
rNeg    . . .      Spirit   .    (body armour currently unavailable)
rPois   +          Reflect  +    (helmet currently unavailable)
rElec   .          Harm     .    (cloak currently unavailable)
rCorr   .          Rampage  .    (gloves currently unavailable)
Will    .....      NoTele   +    (boots currently unavailable)
Stlth   +++.......               e - amulet of reflection
HPRegen 0.28/turn                (no ring)
MPRegen 0.17/turn                (no ring)

@: tree-form (expiring)
A: stationary, stasis, torment immunity, boosted hp, (fangs 1), inability to use
devices, strong nose, distributed training
a: Renounce Religion


You were on level 8 of the Dungeon.
You worshipped Ru.
Ru was pleased with you.
You were a tree.
You visited 2 branches of the dungeon, and saw 9 of its levels.

You collected 457 gold pieces.


Innate Abilities, Weirdness & Mutations

You are a tree.
Your roots penetrate the ground, keeping you stationary.
You cannot be teleported.
You are immune to unholy pain and torment.
Your maximum health is greatly increased.
Your equipment is partially melded.
((You have very sharp teeth.))
You cannot study or use magical devices.
Your uncanny sense of smell can sniff out nearby items.
Your experience applies equally to all skills.


   Skills:
 + Level 5.1 Fighting
 + Level 5.1 Short Blades
 + Level 5.1 Long Blades
 + Level 5.1 Axes
 + Level 5.1 Maces & Flails
 + Level 5.1 Polearms
 + Level 5.1 Staves
 + Level 5.1 Ranged Weapons
 + Level 5.1 Throwing
 + Level 5.1 Armour
 + Level 7.0 Dodging
 + Level 6.7 Stealth
 + Level 5.1 Shields
 + Level 5.1 Unarmed Combat
 + Level 7.3 Spellcasting
 + Level 4.8 Conjurations
 + Level 4.2 Hexes
 + Level 4.2 Summonings
 + Level 4.2 Necromancy
 + Level 4.2 Translocations
 + Level 4.2 Transmutations
 + Level 7.0 Fire Magic
 + Level 4.2 Ice Magic
 + Level 4.2 Air Magic
 + Level 4.2 Earth Magic
 + Level 4.2 Poison Magic
 + Level 5.6 Invocations
   Level 0.0 Evocations


You had 13 spell levels left.
You knew the following spells:

 Your Spells              Type           Power      Damage    Failure   Level
a - Foxfire               Conj/Fire      100%       2x1d9     1%          1
b - Scorch                Fire           100%       2d10      1%          2
c - Inner Flame           Hex/Fire       44%        N/A       2%          3
d - Flame Wave            Conj/Fire      46%        2d12      8%          4

Your spell library contained the following spells:

 Spells                   Type           Power      Damage    Failure   Level
 Conjure Flame            Conj/Fire      46%        6-21      2%          3

Inventory:

Hand Weapons
 a - a +1 vorpal hand axe {axe}
   (You took it off an orc on level 5 of the Dungeon)
 b - a +1 dagger of draining {short}
   (You took it off a goblin on level 3 of the Dungeon)
 f - a +0 whip {mace}
   (You took it off a kobold on level 1 of the Dungeon)
 j - a +0 whip {mace}
   (You took it off a kobold on level 1 of the Dungeon)
 k - a +0 dagger {short}
   (You took it off a goblin on level 1 of the Dungeon)
 l - a +0 club {mace}
   (You found it on level 1 of the Dungeon)
 m - a +5 halberd of freezing {polearm}
   (You took it off a wight on level 6 of the Dungeon)
 n - a +1 vampiric trident {polearm}
   (You took it off an orc on level 5 of the Dungeon)
 o - a +2 dagger {short}
   (You took it off a wight on level 6 of the Dungeon)
 p - a +1 flail of draining {mace}
   (You took it off an orc on level 5 of the Dungeon)
 u - a +3 dagger {short}
   (You took it off a wight on level 6 of the Dungeon)
 z - a +3 long sword {long}
   (You took it off a wight on level 6 of the Dungeon)
 A - a +3 hand axe of freezing {axe}
   (You took it off an orc on level 4 of the Dungeon)
 C - a +2 whip of holy wrath {mace}
   (You took it off a kobold on level 4 of the Dungeon)
 D - a +3 dagger of protection {short}
   (You took it off an orc on level 7 of the Dungeon)
 F - a +1 antimagic rapier {short}
   (You took it off Eustachio on level 5 of the Dungeon)
 J - a +1 dire flail {mace}
   (You took it off a wight on level 6 of the Dungeon)
 M - a +2 dagger of holy wrath {short}
   (You took it off an orc wizard on level 8 of the Dungeon)
Missiles
 c - 61 stones {throwing}
 d - 4 javelins {throwing}
 i - 12 boomerangs {throwing}
 y - 13 poisoned darts {throwing}
Armour
 t - a +2 pair of gloves (melded)
   (You found it on level 4 of the Dungeon)
 w - a +2 animal skin (melded)
   (You took it off Robin on level 3 of the Dungeon)
 x - a +1 helmet of intelligence (melded)
   (You took it off Robin on level 3 of the Dungeon)
 G - a +0 plate armour
   (You found it on level 5 of the Dungeon)
 L - a +0 cloak (melded)
   (You found it on level 7 of the Dungeon)
Magical Staves
 q - a staff of fire (weapon) {!astaff}
   (You found it on level 1 of the Dungeon)
Jewellery
 e - an amulet of reflection (around neck)
   (You found it on level 1 of the Dungeon)
Scrolls
 g - 3 scrolls of teleportation {@r4}
 r - 3 scrolls of enchant weapon
 v - 2 scrolls of amnesia
 B - a scroll of vulnerability {!r!r}
 K - 2 scrolls of poison {!r}
 N - a scroll of identify {@r1}
 O - a scroll of brand weapon
Potions
 h - a potion of flight
 s - a potion of attraction {!q}
 E - 2 potions of curing {@q1}

Dungeon Overview and Level Annotations

Branches:
Dungeon (8/15) Zot: 26452  Temple (1/1) D:5 Zot: 5952
   Lair: D:8-11

Altars:
Cheibriados
Elyvilon
Hepliaklqana
Makhleb
Nemelex Xobeh
Ru
Trog
Uskayaw
Vehumet
Xom
Yredelemnul

Shops:
D:4 [

Annotations:
D:7 1 runed translucent door, Wyvernaa's ghost, novice FeBe
D:8 Erica

#.##.# ####.# .. ###
#.# '##... #.# #......
#.# ....... #.#
##....... #!#
###........ ∆∆
#.#∆∆####.{F)....#
#.####....o♣{)..#
#...........)...#
.......#............##
######.#.........##+#
#.#......####
#.#....### ..#...## ∆
..#...# ∆ ..#..##


You could see an orc warrior and a bullfrog.


Message History

You barely miss Erica. Erica barely misses you.
Something hits you but does no damage.
The orc warrior is stunned by your conviction and fails to attack.
You hit Erica but do no damage.
You hear some strange, mumbled words.
Something tries to affect you, but you resist.
Erica hits you but does no damage.
The orc warrior hits you but does no damage. 😨 HP[+1]
You completely miss Erica.
Erica stops glowing and disappears.
The bullfrog hits you but does no damage.
Something hits you but does no damage. x2
The orc warrior hits you with a +0 war axe.
* * * LOW HITPOINT WARNING * * *
😨 HP[-5]
You take 5 damage, and now have 37/111 hp.
You feel much better. The bullfrog hits you.
Something hits you but does no damage.
You hear some strange, mumbled words.
You are confused.
The orc warrior hits you with a +0 war axe.
* * * LOW HITPOINT WARNING * * *
The bullfrog hits you.
* * * LOW HITPOINT WARNING * * *
😨 HP[+9]
You regained 9 hp, and now have 46/111 hp.
Unknown command.
Unknown command.
Okay, then.
You are too confused!
You nearly hit yourself!
The bullfrog hits you.
* * * LOW HITPOINT WARNING * * *
Something hits you!
* * * LOW HITPOINT WARNING * * *
Something burns you.
* * * LOW HITPOINT WARNING * * *
Something hits you but does no damage.
The orc warrior hits you but does no damage. 😨 HP[-9] MP[+1]
You take 9 damage, and now have 37/111 hp.
You hit something but do no damage. The bullfrog barely misses you.
Something hits you but does no damage. Something hits you.
* * * LOW HITPOINT WARNING * * *
Something burns you.
* * * LOW HITPOINT WARNING * * *
The orc warrior hits you with a +0 war axe.
* * * LOW HITPOINT WARNING * * *
The bullfrog hits you but does no damage. 😱 HP[-10]
You take 10 damage, and now have 27/111 hp.
You swing at nothing.
The bullfrog hits you but does no damage.
You hear some strange, mumbled words.
A puff of flame appears from out of thin air!
The puff of flame hits you. You resist.
* * * LOW HITPOINT WARNING * * *
The orc warrior hits you but does no damage. 😱 HP[-5]
You take 5 damage, and now have 22/111 hp.
You swing at nothing.
The bullfrog hits you but does no damage.
You hear some strange, mumbled words.
A magic dart appears from out of thin air!
The magic dart hits you but does no damage.
Something hits you.
* * * LOW HITPOINT WARNING * * *
The orc warrior completely misses you. 😱 HP[-4]
You take 4 damage, and now have 18/111 hp.
You nearly hit yourself!
The bullfrog hits you but does no damage. x2
Something hits you.
* * * LOW HITPOINT WARNING * * *
Something hits you but does no damage.
The orc warrior is stunned by your conviction and fails to attack. 😱 HP[-2]
You take 2 damage, and now have 16/111 hp.
You hit the bullfrog.
You feel less confused.
The bullfrog snags a nearby small bird with its tongue.
You block the bullfrog's attack. Something hits you.
* * * LOW HITPOINT WARNING * * *
Something hits you but does no damage.
The orc warrior hits you but does no damage. 😱 HP[-1]
You take 1 damage, and now have 15/111 hp.
Casting: Flame Wave (dangerous; 8% risk of failure)
Confirm with . or Enter, or press ? or * to list all spells.
You feel a surge of power!
Flames lash something.
Your transformation is almost over.
The bullfrog hits you but does no damage. x2
Something hits you.
* * * LOW HITPOINT WARNING * * *
Something hits you but does no damage.
The orc warrior hits you but does no damage. 😱 HP[-3] MP[-1]
You take 3 damage, and now have 12/111 hp.
You lost 1 mp, and now have 1/20 mp.
Unknown command.
Are you sure you want to abandon this character and quit the game? (Confirm with "yes".)

Skill      XL: |  1  2  3  4  5  6  7  8  9 10 |
---------------+-------------------------------+-----
Conjurations   | 2 3 4 |  4.8
Spellcasting   | 5 6 7 |  7.3
Invocations    | 1 2 3 4 5 |  5.6
Fighting       | 1 2 3 5 |  5.1
Short Blades   | 1 2 3 5 |  5.1
Long Blades    | 1 2 3 5 |  5.1
Axes           | 1 2 3 5 |  5.1
Maces & Flails | 1 2 3 5 |  5.1
Polearms       | 1 2 3 5 |  5.1
Staves         | 1 2 3 5 |  5.1
Ranged Weapons | 1 2 3 5 |  5.1
Throwing       | 1 2 3 5 |  5.1
Armour         | 1 2 3 5 |  5.1
Shields        | 1 2 3 5 |  5.1
Unarmed Combat | 1 2 3 5 |  5.1
Evocations     | 1 2 3 0 |  0.0
Hexes          | 1 2 3 4 |  4.2
Summonings     | 1 2 3 4 |  4.2
Necromancy     | 1 2 3 4 |  4.2
Translocations | 1 2 3 4 |  4.2
Transmutations | 1 2 3 4 |  4.2
Ice Magic      | 1 2 3 4 |  4.2
Air Magic      | 1 2 3 4 |  4.2
Earth Magic    | 1 2 3 4 |  4.2
Poison Magic   | 1 2 3 4 |  4.2
Dodging        | 5 6 7 |  7.0
Stealth        | 5 6 |  6.7
Fire Magic     | 6 7 |  7.0

Action                   |  1- 3 |  4- 6 |  7- 9 | 10-12 || total
-------------------------+-------+-------+-------+-------++-------
Melee: Unarmed           |     5 |       |       |       ||     5
       Staff             |       |    20 |    49 |    20 ||    89
       Bite              |       |     1 |     4 |       ||     5
       Punch             |       |       |     4 |       ||     4
 Cast: Foxfire           |    86 |    52 |   124 |     2 ||   264
       Scorch            |     6 |    44 |    74 |    13 ||   137
       Flame Wave        |       |       |     2 |     2 ||     4
       Inner Flame       |       |       |       |     1 ||     1
Invok: Sacrifice Artific |       |       |     1 |       ||     1
  Use: Potion            |       |     6 |     4 |     2 ||    12
       Scroll            |       |       |    12 |       ||    12
Armor: Robe              |     5 |     2 |       |       ||     7
       Skin              |       |    25 |     2 |    43 ||    70
       Animal skin       |       |     3 |    23 |     2 ||    28
Dodge: Dodged            |     8 |    28 |    50 |     8 ||    94
Block: Other             |     9 |     8 |    20 |     3 ||    40
       Reflection        |       |       |     2 |     1 ||     3

Levels and vault maps discovered:
D:1:      zaba_arrival_water, layout_basic, ebering_ecumenical_altar_mist,
          minmay_split_cup_small
D:2:      layout_loops_cross, kennysheep_generic_room_13
D:3:      layout_loops_ring, nrook_uturn, uniq_robin
D:4:      layout_rooms, nicolae_uskayaw_suspiria, serial_shops, shop,
          serial_bayou_ford_a
D:5:      layout_basic, nemelex_xobeh_ov_fountains_minmay, xom_teletrap_fun,
          minmay_temple_entry_butterflies, supply_closet_lemuel, uniq_eustachio
D:6:      layout_basic, kennysheep_mini, trog_wizard, eino_tiny_chamber
D:7:      layout_cave_pods, ebering_ghost_reflecting_pool
D:8:      minmay_quarter_circles, layout_basic,
          nicolae_qazlal_scattered_showers, gammafunk_temple_overflow_forgotten,
          uniq_erica, uniq_joseph
Temple:   hellmonk_temple_micro_hex

Notes
Turn   | Place    | Note
-------+----------+-------------------------------------------
     0 | D:1      | spaghetti the Gnoll Fire Elementalist began the quest for
                  | the Orb.
     0 | D:1      | Reached XP level 1. HP: 13/13 MP: 6/6
     0 | D:1      | magus.rc [v1.9.6]
    38 | D:1      | Reached skill level 2 in Conjurations
   159 | D:1      | Reached XP level 2. HP: 19/19 MP: 2/7
   434 | D:1      | Found a faded altar of an unknown god.
   705 | D:1      | Reached skill level 5 in Spellcasting
   705 | D:1      | Reached XP level 3. HP: 25/25 MP: 4/9
  1035 | D:1      | Reached skill level 1 in Invocations
  1113 | D:1      | Learned a level 2 spell: Scorch
  1181 | D:1      | Learned a level 3 spell: Inner Flame
  1434 | D:2      | Reached skill level 1 in Fighting
  1434 | D:2      | Reached skill level 1 in Short Blades
  1434 | D:2      | Reached skill level 1 in Long Blades
  1434 | D:2      | Reached skill level 1 in Axes
  1434 | D:2      | Reached skill level 1 in Maces & Flails
  1434 | D:2      | Reached skill level 1 in Polearms
  1434 | D:2      | Reached skill level 1 in Staves
  1434 | D:2      | Reached skill level 1 in Ranged Weapons
  1434 | D:2      | Reached skill level 1 in Throwing
  1434 | D:2      | Reached skill level 1 in Armour
  1434 | D:2      | Reached skill level 1 in Shields
  1434 | D:2      | Reached skill level 1 in Unarmed Combat
  1434 | D:2      | Reached skill level 1 in Evocations
  1913 | D:2      | Reached XP level 4. HP: 32/32 MP: 7/11
  2282 | D:3      | Reached skill level 1 in Hexes
  2282 | D:3      | Reached skill level 1 in Summonings
  2282 | D:3      | Reached skill level 1 in Necromancy
  2282 | D:3      | Reached skill level 1 in Translocations
  2282 | D:3      | Reached skill level 1 in Transmutations
  2282 | D:3      | Reached skill level 1 in Ice Magic
  2282 | D:3      | Reached skill level 1 in Air Magic
  2282 | D:3      | Reached skill level 1 in Earth Magic
  2282 | D:3      | Reached skill level 1 in Poison Magic
  2763 | D:3      | Reached XP level 5. HP: 37/37 MP: 5/12
  2823 | D:3      | Noticed Robin
  2836 | D:3      | Killed Robin
  3051 | D:3      | Learned a level 4 spell: Flame Wave
  3172 | D:4      | Noticed a black bear
  3176 | D:4      | Killed a black bear
  3177 | D:4      | Reached skill level 2 in Invocations
  3177 | D:4      | Reached XP level 6. HP: 44/44 MP: 4/14
  3395 | D:4      | Reached skill level 5 in Dodging
  3579 | D:4      | Reached skill level 2 in Fighting
  3579 | D:4      | Reached skill level 2 in Short Blades
  3579 | D:4      | Reached skill level 2 in Long Blades
  3579 | D:4      | Reached skill level 2 in Axes
  3579 | D:4      | Reached skill level 2 in Maces & Flails
  3579 | D:4      | Reached skill level 2 in Polearms
  3579 | D:4      | Reached skill level 2 in Staves
  3579 | D:4      | Reached skill level 2 in Ranged Weapons
  3579 | D:4      | Reached skill level 2 in Throwing
  3579 | D:4      | Reached skill level 2 in Armour
  3579 | D:4      | Reached skill level 2 in Shields
  3579 | D:4      | Reached skill level 2 in Unarmed Combat
  3579 | D:4      | Reached skill level 2 in Evocations
  3931 | D:4      | Reached XP level 7. HP: 47/50 MP: 7/15
  3988 | D:4      | Found Obyuts's Antique Armour Shop.
  4178 | D:4      | Reached skill level 2 in Hexes
  4178 | D:4      | Reached skill level 2 in Summonings
  4178 | D:4      | Reached skill level 2 in Necromancy
  4178 | D:4      | Reached skill level 2 in Translocations
  4178 | D:4      | Reached skill level 2 in Transmutations
  4178 | D:4      | Reached skill level 2 in Ice Magic
  4178 | D:4      | Reached skill level 2 in Air Magic
  4178 | D:4      | Reached skill level 2 in Earth Magic
  4178 | D:4      | Reached skill level 2 in Poison Magic
  4179 | D:4      | Reached skill level 3 in Conjurations
  4481 | D:4      | Found a hide-covered altar of Uskayaw.
  4511 | D:5      | Entered Level 5 of the Dungeon
  4511 | D:5      | Found a staircase to the Ecumenical Temple.
  4566 | D:5      | Reached skill level 5 in Stealth
  4566 | D:5      | Reached skill level 3 in Invocations
  4568 | Temple   | Entered the Ecumenical Temple
  4610 | Temple   | Became a worshipper of Ru the Awakened
  4775 | D:5      | Reached skill level 6 in Fire Magic
  4895 | D:5      | Reached skill level 3 in Fighting
  4895 | D:5      | Reached skill level 3 in Short Blades
  4895 | D:5      | Reached skill level 3 in Long Blades
  4895 | D:5      | Reached skill level 3 in Axes
  4895 | D:5      | Reached skill level 3 in Maces & Flails
  4895 | D:5      | Reached skill level 3 in Polearms
  4895 | D:5      | Reached skill level 3 in Staves
  4895 | D:5      | Reached skill level 3 in Ranged Weapons
  4895 | D:5      | Reached skill level 3 in Throwing
  4895 | D:5      | Reached skill level 3 in Armour
  4895 | D:5      | Reached skill level 3 in Shields
  4895 | D:5      | Reached skill level 3 in Unarmed Combat
  4895 | D:5      | Reached skill level 3 in Evocations
  4895 | D:5      | Reached XP level 8. HP: 58/58 MP: 0/16
  4900 | D:5      | HP: 14/58 [ogre/+0 giant club (8)]
  4906 | D:5      | Reached skill level 6 in Spellcasting
  5263 | D:5      | Found a sparkling altar of Nemelex Xobeh.
  5275 | D:5      | Noticed Eustachio
  5282 | D:5      | Killed Eustachio
  5597 | D:5      | Found a shimmering altar of Xom.
  5758 | D:6      | Reached skill level 4 in Invocations
  5761 | D:6      | Reached skill level 3 in Hexes
  5761 | D:6      | Reached skill level 3 in Summonings
  5761 | D:6      | Reached skill level 3 in Necromancy
  5761 | D:6      | Reached skill level 3 in Translocations
  5761 | D:6      | Reached skill level 3 in Transmutations
  5761 | D:6      | Reached skill level 3 in Ice Magic
  5761 | D:6      | Reached skill level 3 in Air Magic
  5761 | D:6      | Reached skill level 3 in Earth Magic
  5761 | D:6      | Reached skill level 3 in Poison Magic
  5767 | D:6      | Reached skill level 6 in Dodging
  5930 | D:6      | Reached XP level 9. HP: 65/65 MP: 4/18
  5936 | D:6      | Reached skill level 4 in Fighting
  5936 | D:6      | Reached skill level 4 in Short Blades
  5936 | D:6      | Reached skill level 4 in Long Blades
  5936 | D:6      | Reached skill level 4 in Axes
  5936 | D:6      | Reached skill level 4 in Maces & Flails
  5936 | D:6      | Reached skill level 4 in Polearms
  5936 | D:6      | Reached skill level 4 in Staves
  5936 | D:6      | Reached skill level 4 in Ranged Weapons
  5936 | D:6      | Reached skill level 4 in Throwing
  5936 | D:6      | Reached skill level 4 in Armour
  5936 | D:6      | Reached skill level 4 in Shields
  5936 | D:6      | Reached skill level 4 in Unarmed Combat
  5936 | D:6      | Reached skill level 4 in Conjurations
  5936 | D:6      | Reached skill level 4 in Evocations
  6097 | D:6      | Reached skill level 6 in Stealth
  6250 | D:6      | Gained mutation: You cannot study or use magical devices.
                  | [Ru sacrifice]
  6250 | D:6      | Reduced skill Evocations to level 0
  6250 | D:6      | Reached * piety under Ru
  6250 | D:6      | Reached ** piety under Ru
  6833 | D:6      | Found a snail-covered altar of Cheibriados.
  6954 | D:6      | Found a bloodstained altar of Trog.
  6958 | D:6      | Noticed a wizard
  6962 | D:6      | Killed a wizard
  7320 | D:7      | Reached skill level 5 in Invocations
  7909 | D:7      | Found a runed translucent door.
  7916 | D:7      | Noticed Wyvernaa's ghost (novice FeBe)
  8149 | D:7      | Reached skill level 7 in Spellcasting
  8395 | D:7      | Reached skill level 4 in Hexes
  8395 | D:7      | Reached skill level 4 in Summonings
  8395 | D:7      | Reached skill level 4 in Necromancy
  8395 | D:7      | Reached skill level 4 in Translocations
  8395 | D:7      | Reached skill level 4 in Transmutations
  8395 | D:7      | Reached skill level 4 in Ice Magic
  8395 | D:7      | Reached skill level 4 in Air Magic
  8395 | D:7      | Reached skill level 4 in Earth Magic
  8395 | D:7      | Reached skill level 4 in Poison Magic
  8835 | D:8      | Noticed Joseph
  8840 | D:8      | Killed Joseph
  8841 | D:8      | Reached skill level 5 in Fighting
  8841 | D:8      | Reached skill level 5 in Short Blades
  8841 | D:8      | Reached skill level 5 in Long Blades
  8841 | D:8      | Reached skill level 5 in Axes
  8841 | D:8      | Reached skill level 5 in Maces & Flails
  8841 | D:8      | Reached skill level 5 in Polearms
  8841 | D:8      | Reached skill level 5 in Staves
  8841 | D:8      | Reached skill level 5 in Ranged Weapons
  8841 | D:8      | Reached skill level 5 in Throwing
  8841 | D:8      | Reached skill level 5 in Armour
  8841 | D:8      | Reached skill level 5 in Shields
  8841 | D:8      | Reached skill level 5 in Unarmed Combat
  8841 | D:8      | Reached XP level 10. HP: 64/74 MP: 9/20
  9348 | D:8      | Noticed Erica
  9352 | D:8      | Reached skill level 7 in Fire Magic
  9353 | D:8      | Reached skill level 7 in Dodging
  9378 | D:8      | HP: 27/111 [orc warrior/+0 war axe (6)]
  9383 | D:8      | HP: 12/111 [something (3)]
  9384 | D:8      | Quit the game

Vanquished Creatures
  Joseph (D:8)
  Eustachio (D:5)
  A steam dragon (D:8)
  A water moccasin (D:6)
  2 black bears
  A sky beast (D:6)
  3 orc warriors
  An ice beast (D:5)
  3 ogres
  A kobold brigand (D:8)
  2 bullfrogs (D:7)
  2 necrophages (D:6)
  4 scorpions
  10 wights (D:6)
  3 hounds
  2 jellies (D:6)
  4 orc priests
  7 iguanas
  8 orc wizards
  Robin (D:3)
  7 gnolls (D:4)
  7 adders
  A shadow imp (D:7)
  2 white imps
  2 ufetubi
  2 worms
  3 dart slugs
  30 orcs
  5 endoplasms
  4 giant cockroaches
  14 goblins
  9 hobgoblins
  6 jackals
  6 kobolds
  4 quokkas
  9 ball pythons
  4 bats (D:1)
  2 frilled lizards (D:1)
  8 rats
183 creatures vanquished.

Vanquished Creatures (others)
  A wizard (D:6)
  An orc wizard (D:8)
  450 foxfires
  10 plants (D:4)
462 creatures vanquished.

Grand Total: 645 creatures vanquished

Table legend:
 A = Non-vault XP
 B = Vault XP
 C = Vault XP percentage of total XP
 D = Non-vault monster count
 E = Vault monster count
 F = Vault count percentage of total count
                 A         B        C        D         E       F
            +---------+---------+-------+---------+---------+-------
      Total |    4512 |     695 |  13.3 |     167 |      17 |   9.2
            +---------+---------+-------+---------+---------+-------
        D:1 |      53 |       5 |   8.6 |      32 |       3 |   8.6
        D:2 |      31 |       2 |   6.1 |      11 |       1 |   8.3
        D:3 |      74 |      35 |  32.1 |      13 |      11 |  45.8
        D:4 |     623 |       0 |   0.0 |      30 |       0 |   0.0
        D:5 |     861 |     203 |  19.1 |      26 |       1 |   3.7
        D:6 |    1654 |       0 |   0.0 |      26 |       0 |   0.0
        D:7 |     700 |       0 |   0.0 |      17 |       0 |   0.0
        D:8 |     516 |     450 |  46.6 |      12 |       1 |   7.7
            +---------+---------+-------+---------+---------+-------

Illustrated notes

Table legend:
 A = Kills in this place as a percentage of kills in entire the game.
 B = Kills by you in this place as a percentage of kills by you in the entire game.
 C = Kills by friends in this place as a percentage of kills by friends in the entire game.
 D = Other kills in this place as a percentage of other kills in the entire game.
 E = Experience gained in this place as a percentage of experience gained in the entire game.
 F = Experience gained in this place divided by the number of levels of this place that you have seen.
                   A       B       C       D       E      F
               +-------+-------+-------+-------+-------+----------------------
         Total | 100.0 | 100.0 |   N/A | 100.0 | 100.0 | 578.6
       Dungeon | 100.0 | 100.0 |   N/A | 100.0 | 100.0 | 650.9
               +-------+-------+-------+-------+-------+----------------------

Table legend: (Time is in decaauts)
 A = Elapsed time spent in this place.
 B = Non-inter-level travel time spent in this place.
 C = Inter-level travel time spent in this place.
 D = Time resting spent in this place.
 E = Time spent auto-exploring this place.
 F = Levels seen in this place.
 G = Mean time per level.
                   A        B        C        D        E       F      G
               +--------+--------+--------+--------+--------+-----+--------+
         Total |   9414 |   9169 |    245 |    349 |   7839 |   9 | 1046.0 |
       Dungeon |   9366 |   9126 |    240 |    349 |   7802 |   8 | 1170.8 |
        Temple |     47 |     42 |      5 |      0 |     37 |   1 |   47.0 |
               +--------+--------+--------+--------+--------+-----+--------+

Top non-repeatable levels by time:
     D:6: 1561 daAuts
     D:7: 1529 daAuts
     D:1: 1428 daAuts
     D:4: 1203 daAuts
     D:5: 1184 daAuts
     D:3: 1056 daAuts
     D:2: 854 daAuts
     D:8: 547 daAuts
  Temple: 47 daAuts
